 Dungeon Crawl Stone Soup version 0.30-a0-166-g5d06c95188 (webtiles) character file.

Game seed: 16018109304491756467

4234 BlueGoblin the Skirmisher (level 10, -1/86 HPs)
             Began as a White Draconian Hunter on Sept 29, 2022.
             Slain by a hornet (13 damage)
             ... on level 9 of the Dungeon.
             The game lasted 00:17:24 (10595 turns).

BlueGoblin the Skirmisher (White Draconian Hunter) Turns: 10595, Time: 00:17:25

Health: -1/86      AC:  0    Str: 14    XL:     10   Next: 9%
Magic:  10/10      EV: 16    Int: 10    God:
Gold:   598        SH:  0    Dex: 18    Spells: 9/9 levels left

rFire   . . .      SeeInvis .    (weapon currently unavailable)
rCold   . . .      Faith    .    (shield currently unavailable)
rNeg    . . .      Spirit   .    (body armour unavailable)
rPois   .          Reflect  .    (helmet currently unavailable)
rElec   .          Harm     .    (cloak currently unavailable)
rCorr   .          Rampage  .    (gloves currently unavailable)
Will    .....                    (boots currently unavailable)
Stlth   ++........               (no amulet)
HPRegen 0.24/turn                (ring currently unavailable)
MPRegen 0.12/turn                (ring currently unavailable)

@: pig-form (expiring), slowed
A: fast, no casting, (breathe frost), AC +7, small, unfitting armour, (cold
resistance 1), (cold-blooded)
a: no special abilities


You were on level 9 of the Dungeon.
You were a filthy swine.
You visited 2 branches of the dungeon, and saw 10 of its levels.

You collected 598 gold pieces.

Inventory:

Hand Weapons
 a - a +0 shortbow (melded)
 z - a +0 scimitar
 B - the +5 dagger "Draconian's Peril" {drain, rC+ MP+9 Int+6}
   (You took it off an orc on level 9 of the Dungeon)

   A truly terrible weapon, it drains the life of any living foe it strikes.
   Int:       It affects your intelligence (+6).
   rC:        It protects you from cold.
   MP:        It affects your magic capacity (+9).
Missiles
 e - a throwing net
Armour
 u - a +1 cloak of poison resistance (melded)
 y - a +0 pair of boots (melded)
Jewellery
 c - a ring of willpower (melded)
 A - a +4 ring of evasion (melded)
Wands
 h - a wand of mindburst (15)
 m - a wand of digging (12)
 o - a wand of flame (24)
 q - a wand of polymorph (8)
Scrolls
 b - a scroll of vulnerability
 f - 4 scrolls of magic mapping
 g - a scroll of noise
 i - 6 scrolls of fear
 k - a scroll of amnesia
 w - 2 scrolls of teleportation
Potions
 d - a potion of cancellation {unknown}
 j - a potion of magic
 l - 2 potions of flight
 n - 3 potions of attraction
 p - a potion of lignification
 r - a potion of might {unknown}
 s - 2 potions of curing
 t - a potion of invisibility
 v - a potion of mutation
 x - a potion of resistance


   Skills:
 + Level 7.4 Fighting
 + Level 11.9 Ranged Weapons
 + Level 4.2 Dodging
 - Level 0.8 Stealth


You had 9 spell levels left.
You didn't know any spells.
Your spell library contained the following spells:

 Spells                   Type           Power      Damage    Failure   Level
 Shock                    Conj/Air       0%         1d3       36%         1
 Blink                    Tloc           0%         N/A       50%         2
 Momentum Strike          Conj/Tloc      0%         3d8       50%         2
 Lesser Beckoning         Tloc           0%         N/A       75%         3
 Stone Arrow              Conj/Erth      0%         3d7       75%         3
 Swiftness                Air            0%         N/A       75%         3
 Airstrike                Air            0%         2d(0-16)  98%         4
 Lehudib's Crystal Spear  Conj/Erth      0%         10d2      100%        8
 Animate Armour           Summ/Erth      Unusable   N/A       N/A         4

Dungeon Overview and Level Annotations

Branches:
Dungeon (9/15)             Temple (1/1) D:7             Orc (0/2) D:9
   Lair: D:8-11

Altars:
Ashenzari
Cheibriados
Dithmenos
Elyvilon
Fedhas
Gozag
Kikubaaqudgha
Makhleb
Nemelex Xobeh
Okawaru
Qazlal
Ru
Sif Muna
Uskayaw
Vehumet
Wu Jian
Xom
Yredelemnul
Zin
The Shining One

Shops:
D:5 ***?


Innate Abilities, Weirdness & Mutations

You are a filthy swine.
You move quickly.
Your equipment is almost entirely melded.
You are incapable of wielding weapons or throwing items.
You cannot cast spells.
((You can breathe waves of freezing cold which knock back foes.))
((Your icy white scales are hard. (AC +7)))
You cannot fit into any form of body armour.
((Your flesh is cold resistant. (rC+)))
((You are cold-blooded and may be slowed by cold attacks.))


Message History

That beam is likely to hit you.
Continue anyway?
You turn into a filthy swine.
Your +0 shortbow melds into your body.
Your +1 cloak of poison resistance melds into your body.
Your +0 pair of boots melds into your body.
Your ring of willpower melds into your body.
Your +4 ring of evasion melds into your body.
You no longer feel resistant to poison.
You feel sick. The hornet closely misses you. The hornet completely misses you.
Unknown command.
Unknown command.
Aiming: Polymorph
Press: ? - help, Shift-Dir - straight line, f - you That beam is likely to hit you.
Continue anyway?
Nothing appears to happen.
You feel sick.
The orc suddenly yells.
The hornet barely misses you.
Unknown command.
Unknown command.
Unknown command.
You feel sick.
You feel sick. The hornet attacks as you move away!
The hornet completely misses you. The hornet attacks as you move away!
The hornet closely misses you.
You feel sick.
You are no longer poisoned.
The hornet attacks as you move away! The hornet misses you.
Your transformation is almost over.
The hornet attacks as you move away! The hornet stings you!
You feel yourself slow down. The hornet attacks as you move away!
The hornet barely misses you. The hornet stings you!
You are poisoned.
You feel as though you will be slow longer.
You feel very sick. The hornet closely misses you.
You feel better. The hornet stings you!
* * * LOW HITPOINT WARNING * * *
You feel as though you will be slow longer.
The hornet stings you!
You die...

##.###..#########...###.#
#..oo..#..≈≈≈≈≈..#..'##..
#.#.####o≈.....≈.#..##..#
.. #.# #o≈.≈≈≈.≈.#..###.#
#. #.. #.≈≈...≈≈.#.)##..#
#o #.# #o≈≈._.≈≈.#..####.
.. #.# #.≈≈...≈≈.#..# #..
. ..# #y≈.≈≈≈.≈.#..# ###
.## #h≈.....≈.#..# #
#..≈≈≈≈≈..#### ###
.#########.# ##.# #.
###..# #... #. #...##
###. .. #.### ##.. ##
#####.## ###... #......#
#...#. #......# ##.####


You could see a hornet, an orc warrior and 2 orcs.

Vanquished Creatures
  A wyvern (D:9)
  Menkaure (D:6)
  A water moccasin (D:7)
  An acid dragon (D:4)
  A black bear (D:6)
  3 orc warriors (D:9)
  4 ogres
  5 centaurs
  3 phantoms
  A kobold brigand (D:9)
  5 bullfrogs
  Blork the orc (D:6)
  2 gnoll sergeants
  8 wights (D:7)
  5 killer bees (D:8)
  5 howler monkeys
  A gnoll bouda (D:6)
  4 hounds
  Crazy Yiuf (D:5)
  3 jellies
  4 orc priests
  11 orc wizards
  3 adders
  18 gnolls
  3 white imps
  A worm (D:2)
  2 dart slugs (D:1)
  43 orcs
  8 ball pythons
  12 bats
  9 endoplasms
  2 giant cockroaches (D:4)
  16 goblins
  7 hobgoblins
  2 jackals (D:1)
  2 quokkas
  A frilled lizard (D:1)
  7 kobolds
  5 rats
212 creatures vanquished.

Vanquished Creatures (others)
  An orc (D:3)
  A giant cockroach (D:3)
  12 plants
14 creatures vanquished.

Grand Total: 226 creatures vanquished

Notes
Turn   | Place    | Note
-------+----------+-------------------------------------------
     0 | D:1      | BlueGoblin the Draconian Hunter began the quest for the
                  | Orb.
     0 | D:1      | Reached XP level 1. HP: 17/17 MP: 1/1
    69 | D:1      | Reached skill level 4 in Ranged Weapons
    69 | D:1      | Reached XP level 2. HP: 24/24 MP: 2/2
    72 | D:1      | Found a faded altar of an unknown god.
   371 | D:1      | Reached XP level 3. HP: 29/29 MP: 3/3
  1332 | D:3      | Reached XP level 4. HP: 31/37 MP: 4/4
  1489 | D:3      | Reached skill level 5 in Ranged Weapons
  2093 | D:3      | Reached XP level 5. HP: 37/44 MP: 5/5
  2611 | D:4      | Reached skill level 6 in Ranged Weapons
  2670 | D:4      | Found a blossoming altar of Fedhas.
  2727 | D:4      | Noticed an acid dragon
  2733 | D:4      | Killed an acid dragon
  2734 | D:4      | Reached XP level 6. HP: 27/51 MP: 6/6
  3236 | D:4      | Reached skill level 7 in Ranged Weapons
  3463 | D:5      | Entered Level 5 of the Dungeon
  3495 | D:5      | Found Jimiono's General Store.
  3636 | D:5      | Your scales start taking on an icy white colour.
  3636 | D:5      | Reached XP level 7. HP: 58/58 MP: 7/7
  3636 | D:5      | Gained mutation: Your flesh is cold resistant. (rC+) [White
                  | Draconian growth]
  3847 | D:5      | Found Qeogh's General Store.
  4019 | D:5      | Found Qirurya's General Store.
  4405 | D:5      | Found a runed translucent door.
  4406 | D:5      | Noticed Crazy Yiuf
  4447 | D:5      | Reached skill level 8 in Ranged Weapons
  4803 | D:5      | Found Hekkeagg's Magic Scroll Shoppe.
  4916 | D:5      | Killed Crazy Yiuf
  5232 | D:6      | Reached XP level 8. HP: 51/67 MP: 8/8
  5312 | D:6      | Reached skill level 5 in Fighting
  5507 | D:6      | Noticed Blork the orc
  5513 | D:6      | Killed Blork the orc
  5514 | D:6      | Reached skill level 9 in Ranged Weapons
  5646 | D:6      | Identified the +1 hand axe "Impslayer" {vorpal, Str+4}
  5871 | D:6      | Noticed Menkaure
  5898 | D:6      | Killed Menkaure
  6406 | D:7      | Found a staircase to the Ecumenical Temple.
  6439 | Temple   | Entered the Ecumenical Temple
  6615 | D:7      | Reached skill level 10 in Ranged Weapons
  6706 | D:7      | Identified the +9 mace "Wium" {flame, rC+ rN+ Will+ rCorr
                  | Stlth+}
  6760 | D:7      | Reached XP level 9. HP: 67/75 MP: 9/9
  7543 | D:7      | Found a hide-covered altar of Uskayaw.
  7543 | D:7      | Found an ornate altar of the Wu Jian Council.
  8424 | D:8      | Reached skill level 11 in Ranged Weapons
  9704 | D:9      | Found a staircase to the Orcish Mines.
  9739 | D:9      | Reached XP level 10. HP: 45/86 MP: 10/10
 10455 | D:9      | Identified the +5 dagger "Draconian's Peril" {drain, rC+
                  | MP+9 Int+6}
 10530 | D:9      | Found a snail-covered altar of Cheibriados.
 10581 | D:9      | Paralysed by a hornet for 2 turns
 10595 | D:9      | Slain by a hornet

Illustrated notes

Levels and vault maps discovered:
D:1:      roderic_crop_circles_arrival_small, layout_loops_ring,
          ebering_ecumenical_altar_petrified
D:2:      layout_basic
D:3:      layout_loops_ring, kennysheep_nondescript, nicolae_figureground_pulse
D:4:      layout_loops_ring, mainiacjoe_overflow_small_starburst
D:5:      layout_layer_cave, serial_shops, shop, shop, kennysheep_mini_moat,
          nicolae_square_shop, nicolae_zen_rock_garden,
          chequers_serial_rivers_micro_a, uniq_crazy_yiuf_cottage
D:6:      layout_rooms, uniq_blork_the_orc, uniq_menkaure
D:7:      layout_layer_cave, gammafunk_temple_overflow_pools,
          minmay_temple_entry_junction_2
D:8:      layout_layer_cave
D:9:      layout_roguey [special_room_orc], mainiacjoe_overflow_paths,
          nicolae_hepliaklqana_hazy_memory, mainiacjoe_overflow_cross_hatched,
          erik_orc_3, enter_bailey_4, minmay_statue_bubble
Temple:   nicolae_temple_elliptical

Skill      XL: |  1  2  3  4  5  6  7  8  9 |
---------------+----------------------------+-----
Ranged Weapons | 4 5 6 7 8 10 11 | 11.9
Fighting       | 3 4 5 7 |  7.4
Dodging        | 2 3 4 |  4.2
Stealth        | |  0.8

Action                   |  1- 3 |  4- 6 |  7- 9 | 10-12 || total
-------------------------+-------+-------+-------+-------++-------
 Fire: Shortbow          |   102 |   154 |   483 |    89 ||   828
 Abil: Breathe Frost     |       |       |    21 |     2 ||    23
Evoke: Wand              |       |     5 |     2 |     2 ||     9
  Use: Scroll            |       |     7 |     9 |       ||    16
       Potion            |       |     3 |     1 |     2 ||     6
Armor: Skin              |    11 |    29 |    82 |    12 ||   134
Dodge: Dodged            |    12 |    26 |   183 |    46 ||   267

Table legend: (Time is in decaauts)
 A = Elapsed time spent in this place.
 B = Non-inter-level travel time spent in this place.
 C = Inter-level travel time spent in this place.
 D = Time resting spent in this place.
 E = Time spent auto-exploring this place.
 F = Levels seen in this place.
 G = Mean time per level.
                   A        B        C        D        E       F      G
               +--------+--------+--------+--------+--------+-----+--------+
         Total |  10658 |   9791 |    867 |    593 |   7698 |  10 | 1065.8 |
       Dungeon |  10501 |   9656 |    845 |    593 |   7580 |   9 | 1166.8 |
        Temple |    156 |    134 |     22 |      0 |    118 |   1 |  156.0 |
               +--------+--------+--------+--------+--------+-----+--------+

Top non-repeatable levels by time:
     D:5: 1863 daAuts
     D:8: 1553 daAuts
     D:7: 1430 daAuts
     D:3: 1223 daAuts
     D:4: 1042 daAuts
     D:9: 1032 daAuts
     D:6: 1028 daAuts
     D:1: 813 daAuts
     D:2: 514 daAuts
  Temple: 156 daAuts
